cohdb
Replays
Latest Replays
All Replays
Popular Replays
Top Player Replays
Match Explorer
How It Works
Community
CoH3 Stats
Reddit
Sign in to upload your games and track your stats! →
Sign in with Steam
Match 43605280
Unlisted
Match 43605280
Overview
Messages
Build Orders
End
Construct Barracks
Selects Armored Battlegroup
Selects Assault Engineers
Assault Engineer Squad
1⁄4-ton 4x4 Truck
Assault Engineer Squad
Construct Weapon Support Center
Mortar Pit
Bazooka Squad
Bazooka Squad
Construct Medical Station
Selects Strength in Steel
M1 Mortar Team
M1 Mortar Team
Infantry Support Center
Mortar Pit
Construct Motor Pool
Selects M8 Scott SPG
M8 Scott SPG
M24 Chaffee Light Tank
M1919 Machine Gun Team
.30 cal Machine Gun
Survival Training
Assault Engineer Squad
Assault Engineer Squad
Assault Engineer Squad
Bazooka Squad
Improved M9 Bazooka Rockets
Selects UNKNOWN (2160077)
Bazooka Squad
Advanced Logistics
40_Заградотрядов
Lord Phoenix
Gorlomir
Czak_the_Pug
MILF_Hunter
Voodoo408
Chinnegro
Wookie
0
0
Comments
sign in to comment!
No comments posted yet!